Map: Frostline LE

Players

LiquidElazer (Elazer)

  • Race: Zerg Zerg
  • Spawn Location: 1:00

BabyMarine - Winner!

  • Race: Terran Terran
  • Spawn Location: 7:00

Event: HomeStory Cup XXVI

VOD

Have the link to the VOD?

Description

Time

  • Played on: Nov. 30, 2024, 5:07 p.m.
  • Length: 13:22

All games in this series

Show
View Real Time Build Order
Export as new Build Order

LiquidElazer Zerg 

Build Orders: Hatch First 

Get SALT Encoding   

  12  0:00  Drone  
  13  0:08  Drone  
  14  0:14  Extractor  
  14  0:15  Drone  
  15  0:35  Hatchery  
  14  0:40  Drone, Extractor  
  15  0:46  Overlord  
  15  1:00  Spawning Pool  
  14  1:04  Drone  
  14  1:07  Drone  
  16  1:11  Drone  
  17  1:22  Drone  
  18  1:27  Drone  
  19  1:37  Drone  
  20  1:47  Queen x2  
  20  1:48  Drone  
  20  1:50  Drone  
  26  1:57  Drone  
  26  1:58  Overlord  
  27  2:08  Drone  
  28  2:17  Hatchery  
  28  2:18  Drone  
  28  2:22  Drone  
  29  2:27  Queen  
  31  2:32  Drone  
  31  2:33  Drone  
  31  2:35  Overlord  
  33  2:42  Drone x2  
  35  2:50  Extractor  
  34  2:54  Drone x4  
  34  2:55  Drone x3  
  34  2:58  Drone  
  42  3:03  Queen  
  44  3:08  Overlord  
  44  3:14  Roach Warren  
  44  3:17  Drone  
  44  3:27  Drone x6  
  44  3:30  Drone  
  51  3:36  Drone x3  
  51  3:39  Overlord  
  51  3:41  Overlord  
  54  3:45  Drone  
  55  3:51  Evolution Chamber  
  55  3:53  Drone x3  
  52  4:03  Drone x7  
  57  4:10  Spore Crawler  
  57  4:11  Drone x5  
  57  4:13  Drone  
  57  4:14  Spore Crawler  
  61  4:18  Drone  
  61  4:22  Drone  
  57  4:27  Drone x5  
  59  4:34  Drone  
  59  4:35  Drone  
  61  4:38  Lair  
  61  4:41  Drone  
  62  4:47  Drone x2  
  62  4:50  Roach x4  
  62  4:51  Overlord  
  74  4:52  Drone x2  
  74  5:00  Overlord  
  74  5:02  Spore Crawler  
  74  5:05  Evolution Chamber  
  72  5:07  Overlord  
  72  5:09  Overlord  
  72  5:11  Overlord, Extractor x2  
  66  5:20  Drone x9  
  72  5:23  Drone x4  
  72  5:24  Spore Crawler  
  72  5:27  Drone  
  72  5:28  Extractor  
  76  5:31  Drone x2, Zerg Ground Armor Level 1  
  76  5:35  Drone x3  
  81  5:36  Extractor  
  81  5:37  Drone  
  81  5:38  Extractor  
  80  5:47  Drone, Overlord  
  80  5:48  Infestation Pit  
  80  5:49  Drone  
  81  5:50  Spore Crawler  
  81  5:52  Drone x3  
  81  5:57  Overlord  
  83  6:00  Drone x6  
  83  6:03  Evolution Chamber  
  88  6:04  Overseer  
  87  6:11  Overlord  
  87  6:15  Overlord  
  87  6:16  Drone x2  
  88  6:19  Overlord  
  93  6:25  Drone x5  
  93  6:29  Hive  
  93  6:32  Overlord  
  91  6:37  Roach  
  91  6:38  Roach x5  
  91  6:39  Baneling Nest  
  102  6:45  Queen  
  104  6:56  Overlord  
  104  7:03  Metabolic Boost  
  104  7:04  Zergling x26  
  104  7:06  Zergling x2  
  104  7:07  Zerg Melee Weapons Level 1  
  118  7:10  Overlord  
  118  7:11  Hatchery, Ravager x3  
  118  7:14  Hatchery  
  119  7:17  Overlord  
  119  7:19  Zergling x6, Ravager x6  
  119  7:22  Overseer  
  128  7:28  Overlord  
  128  7:29  Zergling x2  
  130  7:30  Zergling x18  
  137  7:43  Zergling x6  
  133  7:49  Zergling x4  
  133  7:54  Drone x4  
  133  7:57  Overlord  
  137  8:01  Viper  
  140  8:06  Overlord  
  140  8:08  Zergling x12  
  140  8:11  Ultralisk Cavern, Baneling x8  
  145  8:13  Hatchery, Baneling  
  145  8:14  Baneling  
  127  8:28  Zergling x22  
  126  8:34  Zergling x6  
  126  8:40  Zergling x4  
  126  8:50  Zergling x12  
  126  8:52  Centrifugal Hooks  
  122  9:00  Ultralisk x3  
  133  9:03  Drone x5  
  138  9:10  Chitinous Plating  
  138  9:11  Overlord  
  138  9:14  Extractor  
  138  9:15  Drone x2  
  138  9:16  Extractor  
  138  9:19  Drone x3  
  138  9:21  Adrenal Glands  
  138  9:23  Zergling x4  
  143  9:26  Baneling x3  
  143  9:27  Zergling x2  
  143  9:28  Zergling x4  
  146  9:35  Zergling x12  
  143  9:52  Drone x2  
  137  9:53  Drone  
  137  9:54  Ultralisk x2  
  137  9:55  Ultralisk  
  156  10:04  Baneling x6  
  156  10:05  Baneling x7  
  156  10:09  Zergling x20  
  155  10:21  Ultralisk  
  155  10:23  Zergling x18  
  170  10:30  Hatchery  
  170  10:35  Overseer  
  169  10:46  Zergling x2  
  169  10:47  Zergling x24  
  173  11:00  Zergling x10  
  173  11:02  Anabolic Synthesis  
  177  11:08  Evolution Chamber x2  
  177  11:10  Hatchery  
  154  11:22  Zergling x22  
  144  11:35  Ultralisk x2  
  153  11:40  Zergling x2  
  153  11:41  Zergling x6  
  153  11:45  Extractor  
  155  11:47  Spore Crawler, Extractor  
  155  11:53  Ultralisk  
  159  11:56  Overlord  
  159  11:57  Overlord  
  159  11:58  Drone  
  159  11:59  Drone  
  156  12:09  Zergling x10  
  116  12:36  Infestor x4  
  124  12:46  Drone x3  
  123  13:00  Zergling x20  
  123  13:02  Zergling x2  
  123  13:03  Zergling x4  
Show
View Real Time Build Order
Export as new Build Order

BabyMarine Terran - Winner!

Build Orders: Reaper Expand, Hellion Banshee 

Get SALT Encoding   

  12  0:00  SCV  
  13  0:12  SCV  
  14  0:16  Supply Depot  
  14  0:24  SCV  
  15  0:38  SCV  
  15  0:39  Barracks  
  15  0:42  Refinery  
  16  0:50  SCV  
  17  1:02  SCV  
  18  1:14  SCV  
  19  1:27  Orbital Command, Reaper  
  20  1:40  Command Center  
  20  1:49  Supply Depot  
  20  1:53  SCV  
  21  1:59  Marine  
  22  2:05  SCV  
  23  2:12  Factory  
  23  2:17  SCV  
  23  2:20  Barracks Reactor  
  24  2:29  SCV  
  25  2:39  Command Center  
  25  2:42  SCV  
  26  2:51  Orbital Command  
  26  2:58  Starport  
  26  3:03  Refinery  
  26  3:05  SCV  
  27  3:09  Hellion  
  29  3:14  Hellion  
  29  3:17  SCV  
  29  3:18  SCV  
  33  3:20  Barracks Tech Lab  
  33  3:30  SCV x2  
  33  3:31  Hellion  
  37  3:35  Hellion  
  39  3:43  Banshee  
  39  3:44  SCV x2  
  44  3:51  Orbital Command  
  44  3:55  Cloaking Field  
  44  3:56  SCV  
  44  3:57  SCV  
  46  4:08  SCV  
  46  4:10  Barracks Tech Lab, Hellion x2  
  46  4:11  SCV  
  49  4:17  SCV  
  49  4:21  SCV  
  49  4:23  SCV  
  52  4:29  SCV  
  52  4:30  Marine, Banshee  
  53  4:33  SCV  
  53  4:36  Barracks  
  53  4:37  Barracks  
  54  4:41  Supply Depot  
  54  4:42  Stimpack  
  54  4:44  Orbital Command, SCV  
  55  4:48  Marine  
  55  4:50  Factory Reactor  
  55  4:51  SCV  
  57  4:55  Supply Depot, Refinery  
  57  4:56  SCV  
  58  5:02  Engineering Bay  
  58  5:04  SCV, Engineering Bay  
  58  5:06  Refinery  
  59  5:08  Marine  
  59  5:09  SCV  
  59  5:12  SCV  
  62  5:16  SCV  
  61  5:22  SCV  
  61  5:24  SCV  
  61  5:27  Barracks x2  
  63  5:30  Marine  
  63  5:31  Marine x2  
  66  5:36  SCV  
  66  5:37  Terran Infantry Weapons Level 1, Terran Infantry Armor Level 1  
  66  5:41  SCV x2, Starport Reactor  
  66  5:42  Supply Depot  
  69  5:43  Supply Depot  
  69  5:44  Siege Tank, Marine x2  
  69  5:48  SCV, Marine  
  69  5:49  Marine  
  77  6:03  Marine x3  
  77  6:04  SCV x2  
  82  6:06  Supply Depot, Marine  
  82  6:07  SCV, Marine  
  82  6:08  Supply Depot  
  82  6:09  Supply Depot  
  85  6:16  SCV x2  
  85  6:18  Barracks Tech Lab, Barracks Reactor  
  87  6:19  SCV  
  87  6:21  Marine x2  
  87  6:24  Marauder  
  92  6:27  Medivac x2  
  92  6:28  SCV x2, Siege Tank  
  92  6:32  Marine, Refinery, Factory  
  101  6:33  Marine  
  101  6:34  SCV  
  101  6:39  Armory  
  104  6:40  SCV  
  104  6:41  Marine x2  
  104  6:42  Marauder  
  104  6:44  SCV  
  104  6:46  SCV  
  111  6:49  Marauder  
  113  6:55  Combat Shield, Marine x2  
  113  6:56  Marine x2  
  113  7:00  Refinery  
  117  7:08  Bunker  
  117  7:09  Supply Depot  
  117  7:11  Supply Depot, Bunker  
  117  7:16  Factory Tech Lab  
  117  7:21  Marine x4, Marauder, Medivac  
  125  7:25  Supply Depot  
  125  7:28  Supply Depot  
  125  7:30  SCV x2, Marine x2, Marauder, Medivac  
  125  7:32  SCV, Siege Tank  
  137  7:38  Marine x2  
  137  7:42  SCV  
  137  7:43  Marine, Marauder  
  141  7:44  Marine  
  141  7:45  SCV  
  141  7:46  Siege Tank  
  141  7:48  Marine  
  141  7:49  Terran Infantry Weapons Level 2  
  140  7:52  Marauder  
  140  7:57  Terran Infantry Armor Level 2  
  140  7:58  Marine x3  
  145  8:05  Concussive Shells  
  145  8:06  Marine x4, Command Center  
  149  8:14  Marauder  
  149  8:16  Siege Tank  
  154  8:24  SCV, Marine x2  
  154  8:25  Marauder  
  149  8:30  Marine x2, Medivac x2  
  149  8:33  Marine x2  
  145  8:36  Marauder  
  145  8:39  Siege Tank  
  147  8:42  Marine x2  
  147  8:46  Marauder  
  148  8:48  Marine x2  
  148  8:50  Barracks x2  
  148  8:52  Siege Tank  
  148  8:53  Barracks  
  148  8:54  Marine x2  
  149  8:57  Marauder  
  149  9:01  Marine x2  
  77  9:02  Medivac x2  
  145  9:06  Marine  
  145  9:08  Marine, Marauder  
  153  9:12  Marine  
  153  9:14  Siege Tank  
  153  9:15  Supply Depot  
  153  9:16  Supply Depot  
  157  9:18  Marine x2  
  159  9:24  Siege Tank  
  159  9:25  Marine x3  
  165  9:34  Sensor Tower  
  165  9:35  Marine x3  
  165  9:36  Marine, Marauder  
  171  9:42  Marine  
  171  9:43  Liberator x2  
  167  9:51  Marine  
  159  9:54  Marauder  
  159  9:58  Planetary Fortress, Marauder  
  159  9:59  Drilling Claws  
  162  10:09  Barracks Tech Lab x3  
  162  10:13  Ghost Academy, Refinery x2  
  162  10:15  Marine x2, Command Center, Marauder  
  162  10:16  Marauder  
  165  10:24  Widow Mine x2  
  165  10:25  Widow Mine  
  171  10:31  Marauder x4  
  179  10:37  Marauder  
  179  10:42  Liberator x2  
  175  10:43  Marauder  
  177  10:53  Marauder x2  
  177  10:55  Ghost x2  
  184  11:15  Ghost x2  
  187  11:21  Ghost  
  187  11:22  Marine x2, Ghost  
  187  11:23  Marine x2  
  187  11:24  Marine, Marauder  
  174  11:33  Widow Mine x2  
  172  11:40  Marine x4  
  172  11:42  Marauder  
  172  11:44  Marauder x2  
  172  11:45  Marine, Widow Mine  
  185  11:48  Command Center  
  185  11:51  Command Center  
  187  11:54  Widow Mine  
  187  11:55  Liberator x2  
  187  11:57  Widow Mine  
  195  12:07  Marauder, Widow Mine  
  199  12:11  Planetary Fortress  
  199  12:13  SCV  
  199  12:14  Marine  
  199  12:15  Marauder  
  192  12:27  Marine x4  
  192  12:28  Marauder x3  
  183  12:36  Widow Mine x2  
  183  12:38  Marauder x2  
  185  12:55  Marauder x2  
  180  12:59  Marine x4  
  180  13:04  Command Center  
  180  13:05  SCV x2  
Tags
 
Add a new tag
Caveats
  • Supply blocks, unpowered buildings, or Contaminate may cause inaccurate times.
  • Supply counts are checked every 10 seconds.